[Event "Early-Titled-Tuesday-Blitz-May-07-2024"]
[Site "Chess.com"]
[Date "2024.05.07"]
[Round "2"]
[White "EgorYakovlev"]
[Black "Marielchessy"]
[Result "1-0"]
[WhiteElo "2573"]
[BlackElo "2359"]
[TimeControl "180+1"]
[EndTime "8:18:39 PDT"]
[Termination "EgorYakovlev won by resignation"]

1. e4 c5 2. Nf3 d6 3. d4 cxd4 4. Nxd4 Nf6 5. Nc3 a6 6. Bg5 e6 7. f4 Be7 8. Qf3 Qc7 9. O-O-O Nbd7 10. g4 b5 11. Bxf6 Nxf6 12. g5 Nd7 13. Bh3 Nb6 14.
f5 e5 15. Nb3 Bxg5+ 16. Kb1 Bb7 17. Rhg1 Bf6 18. Bf1 b4 19. Nd5 Bxd5 20. exd5 O-O 21. Nd2 Rac8 22. Bd3 Kh8 23. Rg3 Qc5 24. Rh3 Qxd5 25.
Ne4 Nd7 26. Rg1 Qd4 27. Rg2 d5 28. Qh5 h6 29. Qxh6+ 1-0

[Event "Early-Titled-Tuesday-Blitz-May-07-2024"]
[Site "Chess.com"]
[Date "2024.05.07"]
[Round "2"]
[White "Lady_Nika"]
[Black "PawnEatingZombie"]
[Result "1-0"]
[WhiteElo "2487"]
[BlackElo "2221"]
[TimeControl "180+1"]
[EndTime "8:18:39 PDT"]
[Termination "Lady_Nika won on time"]

1. g4 e5 2. Bg2 Ne7 3. b3 Ng6 4. e3 Nh4 5. Bf1 d5 6. h3 h5 7.
Be2 e4 8. Bb2 hxg4 9. Bxg4 Bf5 10. Bxf5 Nxf5 11. Qg4 Qd7 12. Nc3 Nc6 13. O-O-O O-O-O 14.
Nce2 Rh4 15. Qg2 d4 16. exd4 Ncxd4 17. f3 Nxc2 18. Nc3 Nb4 19. fxe4 Nd3+ 20. Kb1 Nd4 21. Nf3 Nxf3 22. Qxf3 Rf4 23. Qg3 Nb4 24. d4 1-0

[Event "Early-Titled-Tuesday-Blitz-May-07-2024"]
[Site "Chess.com"]
[Date "2024.05.07"]
[Round "2"]
[White "pfalcon1949"]
[Black "Veleamater"]
[Result "0-1"]
[WhiteElo "1942"]
[BlackElo "2431"]
[TimeControl "180+1"]
[EndTime "8:18:39 PDT"]
[Termination "Veleamater won by resignation"]

1. e4 d6 2. d4 g6 3. Nc3 Bg7 4. f4 Nf6 5. Nf3 O-O 6. Bd3 a6 7. O-O b5 8. a3 Bb7 9. e5 Nfd7 10.
h4 c5 11. h5 cxd4 12. hxg6 fxg6 13. Ne4 dxe5 14. fxe5 Nxe5 15. Nxe5 Rxf1+ 16. Qxf1 Bxe5 17. Bh6 Nd7 18. Ng5 Nf6 19. Re1 Qd6 20. Ne4 Nxe4 21. Bxe4 Bxe4 22. Rxe4 Bf6 23. Qf3 Rc8 24. Qh3 Rxc2 25.
Qe6+ Qxe6 26. Rxe6 Rxb2 27. Rxa6 d3 28. Ra8+ Kf7 29. Rd8 Rb3 30. Kf2 Rxa3 31. Ke3 d2+ 32. Kxd2 Ra2+ 33. Ke3 Rxg2 34. Rb8 Rh2 35. Bf4 Rh5 36.
Ke4 Rf5 37. Rb7 h5 38. Rb8 Rc5 39. Bh6 h4 40. Rf8+ Ke6 41. Rg8 h3 42. Rxg6 h2 0-1

[Event "Early-Titled-Tuesday-Blitz-May-07-2024"]
[Site "Chess.com"]
[Date "2024.05.07"]
[Round "2"]
[White "Irishchessman16"]
[Black "IMchanged"]
[Result "0-1"]
[WhiteElo "2542"]
[BlackElo "2753"]
[TimeControl "180+1"]
[EndTime "8:18:43 PDT"]
[Termination "IMchanged won by checkmate"]

1. e4 c5 2. Nf3 d6 3. c3 Nf6 4. Be2 Nc6 5. d4 e5 6. d5 Ne7 7.
Nbd2 Ng6 8. h4 Nf4 9. Bf1 h5 10. g3 Ng6 11. Be2 Be7 12. Ng5 a6 13. a4 Ng4 14. Nc4 b6 15. f3 Nf6 16. Be3 Rb8 17. Kf2 Bd7 18. b4 b5 19. axb5 axb5 20. Na5 c4 21. Nc6 Bxc6 22. dxc6 Qc8 23. Ra7 Qxc6 24.
Qa1 d5 25. Rd1 O-O 26. Ra6 Qb7 27. Ra7 Qc8 28. exd5 Bd6 29. Qb1 e4 30. Nxe4 Nxe4+ 31. Qxe4 Re8 32. Qd4 Qh3 33. Rg1 Re5 34. Bf1 Qf5 35.
Ra2 Rbe8 36. Re2 Rxd5 37. Qb6 Ne5 38. Re1 Qxf3# 0-1

[Event "Early-Titled-Tuesday-Blitz-May-07-2024"]
[Site "Chess.com"]
[Date "2024.05.07"]
[Round "2"]
[White "maksimys18"]
[Black "SpongeBob_03"]
[Result "1-0"]
[WhiteElo "2501"]
[BlackElo "2265"]
[TimeControl "180+1"]
[EndTime "8:18:44 PDT"]
[Termination "maksimys18 won by resignation"]

1. d4 Nf6 2. Nf3 e6 3. c4 d5 4.
Nc3 a6 5. cxd5 exd5 6. Bg5 c6 7. e3 h6 8. Bh4 Bb4 9. Bd3 Bg4 10. O-O O-O 11. Rc1 Nbd7 12. Bb1 Re8 13. Qc2 Bxf3 14. gxf3 Bd6 15. Kh1 Qc7 16. f4 b5 17. Rg1 b4 18. Nxd5 cxd5 19. Qxc7 Bxc7 20. Rxc7 Rac8 21. Rgc1 Rxc7 22. Rxc7 Ra8 23. Bf5 Nb6 24. Bxf6 gxf6 25. b3 a5 26. Rc6 Rb8 27. Rxf6 a4 28. bxa4 Nxa4 29. Bc2 Ra8 30. Bb3 Nc3 31. Rb6 Nxa2 32. Bxd5 Ra5 33. Bxa2 Rxa2 34. Kg2 Rxf2+ 35. Kxf2 1-0

[Event "Early-Titled-Tuesday-Blitz-May-07-2024"]
[Site "Chess.com"]
[Date "2024.05.07"]
[Round "2"]
[White "Phuzer"]
[Black "XDPS"]
[Result "1-0"]
[WhiteElo "2598"]
[BlackElo "2845"]
[TimeControl "180+1"]
[EndTime "8:18:45 PDT"]
[Termination "Phuzer won on time"]

1. d4 d5 2. c4 e6 3. Nc3 h6 4. cxd5 exd5 5. Nf3 Nf6 6. Bf4 Bd6 7. Bg3 O-O 8. e3 Bxg3 9. hxg3 Bf5 10. Qb3 b6 11. Ne5 c5 12. Be2 c4 13. Qd1 Nbd7 14. g4 Be6 15. f4 Nxe5 16. dxe5 Ne4 17. f5 Nxc3 18. bxc3 Bc8 19. Bf3 Bb7 20. Qd4 Qg5 21. O-O-O Rfe8 22. Rh5 Qe7 23. f6 gxf6 24. exf6 Qxe3+ 25. Qxe3 Rxe3 26. Rxh6 Rae8 27. Bxd5 Bc8 28. Kb2 Re1 29. Rxe1 Rxe1 30. g5 Re5 31. g6 1-0

[Event "Early-Titled-Tuesday-Blitz-May-07-2024"]
[Site "Chess.com"]
[Date "2024.05.07"]
[Round "2"]
[White "Slovineanu"]
[Black "MiguelBestard1981"]
[Result "1/2-1/2"]
[WhiteElo "2457"]
[BlackElo "2177"]
[TimeControl "180+1"]
[EndTime "8:18:45 PDT"]
[Termination "Game drawn by repetition"]

1. e4 e5 2. Nf3 Nf6 3. Nxe5 d6 4.
Nf3 Nxe4 5. Qe2 Qe7 6. d3 Nf6 7. d4 Qxe2+ 8. Bxe2 Be7 9. Bf4 c6 10. Nbd2 Na6 11. c3 Nc7 12. Bd3 Ne6 13. Bg3 d5 14.
Ne5 Nd7 15. Nxd7 Bxd7 16. Nf3 O-O 17. Ne5 Rad8 18. Nxd7 Rxd7 19. Kd2 Bf6 20. a4 Re8 21. Rhe1 Rde7 22. a5 a6 23. b4 Nf8 24. Rxe7 Rxe7 25. Re1 Rxe1 26. Kxe1 Ne6 27. Kd2 Kf8 28. f3 g6 29. h4 h5 30. Bd6+ Ke8 31. g3 Kd7 32.
Bb8 Ng7 33. Ke3 Be7 34. Be5 Nf5+ 35. Kf4 Ke6 36. Bc7 Bf6 37. Be5 Be7 38. Bc7 Bf6 39. Be5 Be7 1/2-1/2

[Event "Early-Titled-Tuesday-Blitz-May-07-2024"]
[Site "Chess.com"]
[Date "2024.05.07"]
[Round "2"]
[White "Arhan_Anand"]
[Black "Grandelicious"]
[Result "1-0"]
[WhiteElo "2624"]
[BlackElo "2891"]
[TimeControl "180+1"]
[EndTime "8:18:46 PDT"]
[Termination "Arhan_Anand won by resignation"]

1. d4 Nf6 2. c4 c5 3. d5 b5 4. cxb5 a6 5. bxa6 g6 6. Nc3 Bg7 7. Nf3 O-O 8. e4 Qa5 9. a7 Rxa7 10. Bd2 Qb6 11. Qc1 d6 12. Bd3 Ba6 13. Bxa6 Qxa6 14.
Qc2 Nbd7 15. a4 Rb8 16. Ra3 Qc4 17. b3 Qa6 18. Bc1 Rb4 19. Nd2 Ne5 20. Nb5 Rb7 21. O-O h5 22. f4 Neg4 23. Nc4 Nd7 24. Bd2 R4xb5 25. axb5 Qxb5 26. Bc3 Bd4+ 27. Bxd4 cxd4 28. Qd3 Nc5 29. Ra8+ Rb8 30. Rxb8+ Qxb8 31. Qxd4 Nxb3 32. Qb6 Qc8 33. Qxb3 Qc5+ 34. Kh1 Nf2+ 35. Rxf2 Qxf2 36. Qd1 Qxf4 37. Qe1 h4 38. h3 Kg7 39. Nd2 g5 40. Nf3 Kg6 41. e5 Qf5 42. exd6 exd6 43. Qd2 Qb1+ 44.
Kh2 Qf5 45. Qd4 Kh7 46. Nd2 Kg6 47. Qe4 Kf6 48. Qxf5+ Kxf5 49. Nc4 f6 50. Nxd6+ Ke5 51. Ne8 1-0

[Event "Early-Titled-Tuesday-Blitz-May-07-2024"]
[Site "Chess.com"]
[Date "2024.05.07"]
[Round "2"]
[White "RamonManon0g"]
[Black "martinmena"]
[Result "1-0"]
[WhiteElo "2456"]
[BlackElo "2106"]
[TimeControl "180+1"]
[EndTime "8:18:46 PDT"]
[Termination "RamonManon0g won by checkmate"]

1. e4 c6 2. d4 d5 3. e5 Bf5 4. Nd2 e6 5. Nb3 Ne7 6. Nf3 Qc7 7. Be2 Bg6 8. O-O Nf5 9. c4 Qd8 10. cxd5 Qxd5 11. Bg5 Be7 12. Bxe7 Nxe7 13. Rc1 O-O 14. Bc4 Qd8 15. Bd3 Bxd3 16. Qxd3 Na6 17. Ng5 Nf5 18. Ne4 Nb4 19. Qd2 Nd5 20. g4 Qh4 21. f3 Nfe3 22. Rfe1 Nxg4 23. fxg4 Qxg4+ 24. Ng3 Nf4 25. Re4 g5 26. Rf1 h5 27. Kh1 h4 28.
Rexf4 gxf4 29. Rxf4 Qg5 30. Ne4 Qh6 31. Rg4+ Qg6 32. Qh6 Qxg4 33. Nf6# 1-0

[Event "Early-Titled-Tuesday-Blitz-May-07-2024"]
[Site "Chess.com"]
[Date "2024.05.07"]
[Round "2"]
[White "Hikaru"]
[Black "SirStrateg"]
[Result "1-0"]
[WhiteElo "3234"]
[BlackElo "2670"]
[TimeControl "180+1"]
[EndTime "8:18:47 PDT"]
[Termination "Hikaru won by resignation"]

1. d4 Nf6 2. Bg5 e6 3. e4 h6 4. Bxf6 Qxf6 5. Nc3 Bb4 6. Qd3 Nc6 7. Ne2 d6 8. a3 Bxc3+ 9. Qxc3 O-O 10. Rd1 a5 11. g3 Qe7 12. f4 e5 13. dxe5 dxe5 14.
f5 Rd8 15. Rxd8+ Qxd8 16. Bg2 Nd4 17. Kf2 Nxe2 18. Kxe2 Qe7 19. Rd1 b6 20. Qd2 Ba6+ 21. Kf3 Bb5 22. h4 Kf8 23. Qd5 Qe8 24. g4 Bc6 25.
Qc4 f6 26. Kg3 Ke7 27. Bf3 Kf8 28. g5 hxg5 29. hxg5 fxg5 30. Bg4 Ke7 31. Rd3 Rc8 32. f6+ 1-0

[Event "Early-Titled-Tuesday-Blitz-May-07-2024"]
[Site "Chess.com"]
[Date "2024.05.07"]
[Round "2"]
[White "Alphafischer2019"]
[Black "MagnusCarlsen"]
[Result "0-1"]
[WhiteElo "2663"]
[BlackElo "3234"]
[TimeControl "180+1"]
[EndTime "8:18:47 PDT"]
[Termination "MagnusCarlsen won by resignation"]

1. Nf3 a5 2. g3 Ra6 3. Bg2 g6 4. d4 Bg7 5. c4 Nf6 6. Nc3 O-O 7. O-O d5 8. cxd5 Nxd5 9. e4 Nxc3 10. bxc3 c5 11.
Ba3 cxd4 12. cxd4 Nc6 13. d5 Nb4 14. Rb1 Nxa2 15. Qc2 Nc3 16. Rb3 b5 17. Rxc3 Bxc3 18. Qxc3 b4 19. Bxb4 axb4 20. Qxb4 Qd6 21. Qc3 Bd7 22.
Rd1 Rc8 23. Qe3 Ra3 24. Qh6 Qf6 25. e5 Qg7 26. Qg5 Qf8 27. h4 f6 28. Qf4 fxe5 29.
Qxf8+ Kxf8 30. Nxe5 Ba4 31. Rd4 Ra2 32. Rf4+ Kg8 33. h5 gxh5 34. Rf5 Rc1+ 35. Kh2 Bc2 36. Rg5+ Bg6 37. Nxg6 hxg6 38. Rxg6+ Kf7 39. Rg5 Rxf2 40.
g4 h4 41. Kh3 Rc3+ 42. Kxh4 Rxg2 43. Rf5+ Ke8 0-1

[Event "Early-Titled-Tuesday-Blitz-May-07-2024"]
[Site "Chess.com"]
[Date "2024.05.07"]
[Round "2"]
[White "only_strong_moves"]
[Black "konradrutkowski"]
[Result "1-0"]
[WhiteElo "2712"]
[BlackElo "2408"]
[TimeControl "180+1"]
[EndTime "8:18:48 PDT"]
[Termination "only_strong_moves won by resignation"]

1. Nc3 d5 2. e4 d4 3. Nce2 e5 4. c3 c5 5. Ng3 Nc6 6. Bb5 Bd7 7. Nf3 Qc7 8. d3 O-O-O 9. O-O h5 10. cxd4 Nxd4 11. Nxd4 exd4 12. Bxd7+ Qxd7 13. b4 Kb8 14. Bf4+ Ka8 15. bxc5 Bxc5 16. Qb3 h4 17. Nf5 g6 18. Rac1 Bb6 19. Nd6 g5 20. Bxg5 f6 21. Nf7 fxg5 22. Nxh8 Nh6 23. Ng6 Qd6 24. Qd5 Qf6 25. Ne5 Qe7 26.
Ng6 Qe8 27. Qxg5 Nf7 28. Qe7 Qg8 29. Nf4 Ng5 30. Kh1 h3 31. gxh3 Nf3 32. Qe6 Qf8 33. Qf5 Qh6 34. Qc8+ 1-0

[Event "Early-Titled-Tuesday-Blitz-May-07-2024"]
[Site "Chess.com"]
[Date "2024.05.07"]
[Round "2"]
[White "DominguezOnYoutube"]
[Black "ansko1999"]
[Result "0-1"]
[WhiteElo "2963"]
[BlackElo "2645"]
[TimeControl "180+1"]
[EndTime "8:18:49 PDT"]
[Termination "ansko1999 won by resignation"]

1. e4 c5 2. Nf3 Nf6 3. e5 Nd5 4. Nc3 e6 5. Ne4 Nc6 6. c4 f5 7. Nd6+ Bxd6 8. exd6 Nf6 9. d4 cxd4 10. Nxd4 Qa5+ 11.
Bd2 Qe5+ 12. Be3 Qxd6 13. Nb5 Qxd1+ 14. Rxd1 O-O 15. f3 b6 16. Nd6 Nb4 17. Bd2 Nc6 18.
Bc3 Nd8 19. Be2 Nb7 20. Kf2 Nxd6 21. Rxd6 Kf7 22. Rhd1 Ke7 23. Bb4 Ke8 24. Ke3 Rf7 25. g4 fxg4 26. fxg4 Bb7 27. R6d4 Bc6 28. g5 Ng8 29. Rf4 Ne7 30. Bd3 Rxf4 31. Kd2 Rf7 32. Ke3 g6 0-1

[Event "Early-Titled-Tuesday-Blitz-May-07-2024"]
[Site "Chess.com"]
[Date "2024.05.07"]
[Round "2"]
[White "Shuvalov"]
[Black "PapiPapita"]
[Result "0-1"]
[WhiteElo "2586"]
[BlackElo "2402"]
[TimeControl "180+1"]
[EndTime "8:18:50 PDT"]
[Termination "PapiPapita won by resignation"]

1. d4 Nf6 2. c4 b6 3. f3 Nc6 4.
d5 Ne5 5. e4 Ng6 6. Nc3 e5 7.
a3 Bc5 8. Nge2 a5 9. Na4 d6 10. Nxc5 bxc5 11. a4 O-O 12. Nc3 Nh5 13. g3 f5 14.
exf5 Bxf5 15. Bd3 Bh3 16. Qe2 Rb8 17. Ra3 Rb4 18. Kd1 e4 19. Bxe4 Ne5 20. b3 Nf6 21. Kc2 Nxe4 22. fxe4 Bg4 23. Qe3 Rf3 24. Qe1 Qf6 25. Bb2 Rf2+ 26. Qxf2 Qxf2+ 27. Kb1 Nxc4 28. Ra2 Rxb3 0-1

[Event "Early-Titled-Tuesday-Blitz-May-07-2024"]
[Site "Chess.com"]
[Date "2024.05.07"]
[Round "2"]
[White "PositionalPanther"]
[Black "Mischuk_D"]
[Result "0-1"]
[WhiteElo "2556"]
[BlackElo "2808"]
[TimeControl "180+1"]
[EndTime "8:18:51 PDT"]
[Termination "Mischuk_D won by resignation"]

1. Nf3 d5 2. g3 g6 3. c4 d4 4. Bg2 Bg7 5. d3 Nc6 6. Na3 Nf6 7. Nc2 a5 8. b3 O-O 9. a3 Re8 10. O-O e5 11. Nd2 Bf5 12. h3 e4 13. g4 exd3 14. gxf5 dxe2 15. Qe1 exf1=Q+ 16. Qxf1 d3 17. Ne3 Ne4 18. Nxe4 Bxa1 19. Nd5 Rxe4 20. Bxe4 Bg7 21. Qxd3 Ne5 22.
Qg3 c6 23. Ne3 Qd4 24. Qg2 Re8 25. Bc2 Nd3 26. Bd2 Nf4 27. Qg4 Qxd2 28. Qxf4 Rxe3 29.
Qb8+ Bf8 30. fxe3 Qxe3+ 31. Kf1 Qc1+ 32. Kg2 Qxc2+ 0-1

[Event "Early-Titled-Tuesday-Blitz-May-07-2024"]
[Site "Chess.com"]
[Date "2024.05.07"]
[Round "2"]
[White "Aklan10n"]
[Black "stasOR4ik"]
[Result "0-1"]
[WhiteElo "2208"]
[BlackElo "2480"]
[TimeControl "180+1"]
[EndTime "8:18:52 PDT"]
[Termination "stasOR4ik won by resignation"]

1. e4 e6 2. d4 d5 3. Nd2 dxe4 4.
Nxe4 Nf6 5. Bd3 Bd7 6. Nf3 Bc6 7.
Qe2 Qd5 8. Nxf6+ gxf6 9. Rg1 Nd7 10. Nd2 Qxd4 11. Nb3 Qh4 12. h3 O-O-O 13. Be3 Bh6 14. O-O-O Nb6 15. Na5 Bd5 16. c4 Be4 17. c5 Bxd3 18.
Rxd3 Rxd3 19. Qxd3 Nd5 20. Qb3 Bxe3+ 21. fxe3 Qb4 22. Qxb4 Nxb4 23. a3 Nd3+ 24. Kc2 Nxc5 25. b4 Ne4 26. Rf1 f5 27. g4 fxg4 28. hxg4 Nd6 29.
Nb3 Rg8 30. Rf4 e5 31. Rf6 Rxg4 32. Nc5 b6 33. Nd3 Rg2+ 34. Kb3 Rg3 0-1

[Event "Early-Titled-Tuesday-Blitz-May-07-2024"]
[Site "Chess.com"]
[Date "2024.05.07"]
[Round "2"]
[White "TrompeterImEther"]
[Black "AlexeiShirov"]
[Result "0-1"]
[WhiteElo "2572"]
[BlackElo "2844"]
[TimeControl "180+1"]
[EndTime "8:18:53 PDT"]
[Termination "AlexeiShirov won by resignation"]

1. e4 e5 2. Nf3 Nc6 3. Bb5 f5 4. d3 fxe4 5. dxe4 Nf6 6. O-O Bc5 7. Nc3 d6 8. Bg5 O-O 9. Nd5 Kh8 10. Bc4 Bg4 11.
c3 Qd7 12. h3 Bxh3 13. gxh3 Qxh3 14. Nxf6 gxf6 15. b4 fxg5 16. bxc5 Rxf3 17. Be6 g4 18.
cxd6 Qh4 19. Kg2 Raf8 20. Qe2 g3 21. Bh3 gxf2 22. Qxf3 Rxf3 23. Kxf3 Qxh3+ 24. Kxf2 cxd6 25. Rad1 Qxc3 26. Kg2 Qc2+ 27. Kg1 Nd4 28. Rf8+ Kg7 29. Rdf1 Ne2+ 0-1

[Event "Early-Titled-Tuesday-Blitz-May-07-2024"]
[Site "Chess.com"]
[Date "2024.05.07"]
[Round "2"]
[White "Groetzi"]
[Black "GeorgiosSouleidis"]
[Result "0-1"]
[WhiteElo "2413"]
[BlackElo "2708"]
[TimeControl "180+1"]
[EndTime "8:18:55 PDT"]
[Termination "GeorgiosSouleidis won by resignation"]

1. e4 c5 2. Nf3 e6 3. d4 cxd4 4.
Nxd4 Nf6 5. Bd3 Nc6 6. Nxc6 bxc6 7. O-O d5 8. Qe2 Be7 9. e5 Nd7 10. f4 O-O 11. c4 Nc5 12. Bc2 Ba6 13. Nd2 dxc4 14. Rd1 c3 15. Nc4 cxb2 16. Bxb2 Qc7 17. Rac1 Rfd8 18. Rxd8+ Rxd8 19. Bb1 Qb8 20. Qc2 Nd3 21. Rd1 Bc5+ 22. Kh1 0-1

[Event "Early-Titled-Tuesday-Blitz-May-07-2024"]
[Site "Chess.com"]
[Date "2024.05.07"]
[Round "2"]
[White "maurovargas01"]
[Black "stolencandy13"]
[Result "0-1"]
[WhiteElo "1975"]
[BlackElo "2672"]
[TimeControl "180+1"]
[EndTime "8:18:55 PDT"]
[Termination "stolencandy13 won by resignation"]

1. e4 c6 2. Nc3 d5 3. d3 g6 4.
f4 Bg7 5. e5 Nh6 6. h3 c5 7. g4 e6 8. Bg2 Qh4+ 9. Kf1 Nc6 10. Nf3 Qd8 11. Nb5 O-O 12. Nd6 Kh8 13. c3 Ng8 14. Qe1 f6 15. Nxc8 Rxc8 16. exf6 Qxf6 17. g5 Qf7 18. h4 Nge7 19. Bh3 Nf5 20. Bg4 e5 21. Kg2 Rce8 22. fxe5 Nxe5 23. Nxe5 Rxe5 24. Qg1 d4 25. c4 Ne3+ 26. Bxe3 Rxe3 27. Rd1 Qf4 28.
Rh3 Qxg4+ 29. Rg3 Rxg3+ 0-1

[Event "Early-Titled-Tuesday-Blitz-May-07-2024"]
[Site "Chess.com"]
[Date "2024.05.07"]
[Round "2"]
[White "Kirillov_Andrey"]
[Black "nicolevalladar"]
[Result "1-0"]
[WhiteElo "2422"]
[BlackElo "1732"]
[TimeControl "180+1"]
[EndTime "8:18:56 PDT"]
[Termination "Kirillov_Andrey won by resignation"]

1. e4 c5 2. Nf3 Nc6 3. d4 cxd4 4.
Nxd4 g6 5. Nc3 Bg7 6. Be3 Nf6 7. Bc4 O-O 8. Bb3 d6 9. f3 Qa5 10. Qd2 Bd7 11. O-O-O Qh5 12. g4 Qh3 13. g5 Nh5 14. Nd5 e6 15. Nf6+ Nxf6 16. gxf6 Bxf6 17. Nxc6 Bxc6 18.
Rdf1 Rfd8 19. Bg5 Bxg5 20. Qxg5 d5 21. Qf4 d4 22. Rfg1 Kg7 23. Rg3 Qh6 24. Qxh6+ Kxh6 25. h4 Kg7 26. h5 d3 27. cxd3 Rxd3 28. hxg6 hxg6 29. Rgh3 Kf6 30. Bc2 Rd4 31. Rh7 Rad8 32. e5+ Kxe5 33. Rxf7 Rf4 34. Re1+ Kd6 35. Rxf4 1-0

[Event "Early-Titled-Tuesday-Blitz-May-07-2024"]
[Site "Chess.com"]
[Date "2024.05.07"]
[Round "2"]
[White "NowInChess"]
[Black "BeReal24"]
[Result "0-1"]
[WhiteElo "2249"]
[BlackElo "2490"]
[TimeControl "180+1"]
[EndTime "8:18:57 PDT"]
[Termination "BeReal24 won on time"]

1. e4 c5 2. d3 Nc6 3. g3 g6 4. Bg2 Bg7 5. f4 d6 6. Nf3 Nf6 7. O-O O-O 8. Nc3 Rb8 9. Nh4 Bg4 10. Qd2 b5 11. e5 dxe5 12. Bxc6 exf4 13. Qxf4 b4 14. Nd5 Bh3 15. Nxf6+ exf6 16. Bg2 Bxg2 17. Nxg2 f5 18. Rb1 Qa5 19. Qc4 Rfd8 20. Be3 Rbc8 21. Nf4 Qb6 22. a3 a5 23. axb4 axb4 24. b3 Bd4 25. Ra1 Bxe3+ 26. Kh1 Qc6+ 27. Ng2 Bd4 28.
Ra7 Rd7 29. Ra6 Qb7 30. Re1 Re7 31. Rxe7 Qxe7 32. h3 Re8 0-1

[Event "Early-Titled-Tuesday-Blitz-May-07-2024"]
[Site "Chess.com"]
[Date "2024.05.07"]
[Round "2"]
[White "HeroWilczek"]
[Black "Yaacovn"]
[Result "0-1"]
[WhiteElo "2575"]
[BlackElo "2848"]
[TimeControl "180+1"]
[EndTime "8:18:58 PDT"]
[Termination "Yaacovn won by resignation"]

1. e4 c6 2. d4 d5 3. Nc3 dxe4 4.
Nxe4 Nf6 5. Nxf6+ gxf6 6. Be3 Bf5 7. Bd3 Bg6 8. Ne2 Nd7 9. Qd2 Nb6 10. O-O-O Qd5 11. Kb1 e6 12. Nc3 Qxg2 13. Rdg1 Qf3 14. Be2 Qf5 15. h4 Qa5 16. h5 Bf5 17. Bf4 Bb4 18. Rg3 O-O-O 19. h6 Na4 20. Bc4 c5 21. d5 Bxc3 22. bxc3 Qb6+ 23. Bb3 c4 24. d6 cxb3 25.
axb3 Qxb3+ 26. Kc1 Qb2+ 27. Kd1 e5 28. Be3 Nxc3+ 29.
Ke1 Qb1+ 30. Qc1 Qxc1+ 31. Bxc1 Ne4 32. Ra3 Rxd6 33. Rxa7 Rhd8 0-1

[Event "Early-Titled-Tuesday-Blitz-May-07-2024"]
[Site "Chess.com"]
[Date "2024.05.07"]
[Round "2"]
[White "lluiss"]
[Black "secretsuperstar7"]
[Result "0-1"]
[WhiteElo "2216"]
[BlackElo "2483"]
[TimeControl "180+1"]
[EndTime "8:18:58 PDT"]
[Termination "secretsuperstar7 won on time"]

1. Nf3 Nf6 2. d4 e6 3. g3 b5 4.
Bg2 Bb7 5. O-O d5 6. a4 a6 7. axb5 axb5 8. Rxa8 Bxa8 9. Ne5 Nbd7 10. Bg5 Be7 11.
b3 b4 12. c4 bxc3 13. Nxc3 Nxe5 14. dxe5 Nd7 15. Bxe7 Qxe7 16. Nb5 Nxe5 17. Qd4 f6 18. Rc1 c6 19. f4 Nf7 20. Na7 Nd8 21. e4 O-O 22. b4 e5 23. fxe5 fxe5 24. Qc5 Qxc5+ 25. Rxc5 Ne6 26. Rc1 Nd4 27. Rf1 Rb8 28. exd5 cxd5 29.
Re1 e4 30. Rd1 Ne2+ 31. Kf2 Nc3 32. Rc1 d4 33. b5 e3+ 34. Kg1 Ne2+ 0-1

[Event "Early-Titled-Tuesday-Blitz-May-07-2024"]
[Site "Chess.com"]
[Date "2024.05.07"]
[Round "2"]
[White "legendisback1"]
[Black "PIwan"]
[Result "1-0"]
[WhiteElo "2976"]
[BlackElo "2418"]
[TimeControl "180+1"]
[EndTime "8:19:00 PDT"]
[Termination "legendisback1 won on time"]

1. e4 e6 2. d4 d5 3. Nd2 Be7 4. Ngf3 Nf6 5. Bd3 c5 6. dxc5 O-O 7. O-O a5 8. c4 Na6 9. e5 Nd7 10. cxd5 exd5 11. Nb3 Naxc5 12. Bc2 a4 13. Nbd4 Nb6 14. h3 Be6 15. Bf4 Qd7 16. Rc1 Rac8 17. Qe2 Rfe8 18.
Rfd1 Bf8 19. Bb1 Nc4 20. b3 Na3 21. Bxh7+ Kxh7 22. Ng5+ Kg8 23. Qh5 Bf5 24. e6 Nxe6 25. Nxf5 Nxg5 26. Qxg5 Rxc1 27. Rxc1 Re6 28. Rc7 Qe8 29. Kh2 Rg6 30. Qh5 Qe4 31. Bg3 Qe6 32. Rxb7 axb3 33. axb3 Nc2 34. Rb8 1-0

[Event "Early-Titled-Tuesday-Blitz-May-07-2024"]
[Site "Chess.com"]
[Date "2024.05.07"]
[Round "2"]
[White "JG-17"]
[Black "Javylavilla"]
[Result "1-0"]
[WhiteElo "2528"]
[BlackElo "2315"]
[TimeControl "180+1"]
[EndTime "8:19:00 PDT"]
[Termination "JG-17 won by resignation"]

1. d4 Nf6 2. c4 e6 3. Nc3 Bb4 4. Nf3 O-O 5. e3 c5 6. Bd3 d5 7. O-O cxd4 8. exd4 dxc4 9. Bxc4 Nc6 10. Bg5 h6 11. Bh4 Bxc3 12. bxc3 b6 13. Bb3 Bb7 14. Re1 Rc8 15. Qd3 Ne7 16. Bxf6 gxf6 17. Nh4 Qc7 18. Qe3 Kg7 19. Rac1 Qc6 20. Qg3+ Ng6 21. Nxg6 fxg6 22. Rxe6 Qd7 23. Rce1 Rfe8 24. h4 Rxe6 25. Rxe6 g5 26. Qe3 Rc7 27. Re8 Qg4 28. Re7+ Kf8 29.
Re8+ Kg7 30. f3 Qf4 31. Re7+ Rxe7 32. Qxe7+ Kg6 33. Qf7+ Kf5 34. Bc2+ 1-0

[Event "Early-Titled-Tuesday-Blitz-May-07-2024"]
[Site "Chess.com"]
[Date "2024.05.07"]
[Round "2"]
[White "FLYD"]
[Black "MaxLeto"]
[Result "1-0"]
[WhiteElo "2012"]
[BlackElo "2423"]
[TimeControl "180+1"]
[EndTime "8:19:00 PDT"]
[Termination "FLYD won by checkmate"]

1. e4 a6 2. d4 b6 3. Nf3 c6 4. Nc3 d6 5. Be3 e6 6. a4 f6 7. Bd3 g6 8. h4 h6 9. Qd2 Ne7 10. O-O-O Bg7 11. d5 cxd5 12. exd5 e5 13. Ne4 f5 14.
Ng3 e4 15. Bxe4 fxe4 16. Nxe4 Bf5 17. Bd4 O-O 18. Bxg7 Kxg7 19. Qd4+ Kf7 20. Rhe1 Bxe4 21. Qxe4 Ng8 22. h5 gxh5 23. Qh7+ Kf6 24. Re6# 1-0

[Event "Early-Titled-Tuesday-Blitz-May-07-2024"]
[Site "Chess.com"]
[Date "2024.05.07"]
[Round "2"]
[White "Vahe_Danielyan"]
[Black "viditchess"]
[Result "0-1"]
[WhiteElo "2654"]
[BlackElo "3117"]
[TimeControl "180+1"]
[EndTime "8:19:01 PDT"]
[Termination "viditchess won by resignation"]

1. e4 c5 2. Nc3 Nc6 3. Bb5 Nd4 4. Bc4 e6 5. Nge2 Qc7 6. O-O a6 7. a4 Nf6 8. d3 Be7 9. Ba2 Nc6 10. d4 cxd4 11. Nxd4 O-O 12. Nxc6 bxc6 13. Qf3 Bd6 14. h3 Be5 15. Bd2 Rb8 16. Bb3 a5 17. Qe2 d5 18. exd5 exd5 19. Rae1 Bh2+ 20. Kh1 Bf4 21. Bxf4 Qxf4 22. Qe7 Ba6 23. Ne2 Qd2 24. Qe3 Qxe3 25. fxe3 Ne4 26. Kh2 Nc5 27. Rf2 Bxe2 28. Rexe2 Rfe8 29. e4 Rxe4 30. Rxe4 Nxe4 31. Re2 f5 32. Re3 Kf7 33.
c4 d4 34. c5+ Kf6 35. Rd3 Nxc5 0-1

[Event "Early-Titled-Tuesday-Blitz-May-07-2024"]
[Site "Chess.com"]
[Date "2024.05.07"]
[Round "2"]
[White "Dedic8"]
[Black "Honiex"]
[Result "1-0"]
[WhiteElo "2851"]
[BlackElo "2578"]
[TimeControl "180+1"]
[EndTime "8:19:01 PDT"]
[Termination "Dedic8 won on time"]

1. e4 c5 2. Nf3 Nf6 3. Nc3 d5 4. exd5 Nxd5 5. Bc4 Nxc3 6. bxc3 e6 7. O-O Bd6 8. d4 Qc7 9. Bd3 Nd7 10. Re1 O-O 11. Bg5 b6 12. Qe2 Bb7 13. h3 Rac8 14. Ne5 Nxe5 15.
dxe5 Be7 16. Qh5 g6 17. Qh6 Bxg5 18. Qxg5 Rfd8 19. h4 Rd5 20. h5 Qd8 21. Qf4 Qe7 22.
Re3 c4 23. Bxc4 Rdc5 24. Bd3 Rxc3 25. Rg3 Kg7 26. Re1 R8c5 27. Ree3 a5 28. hxg6 fxg6 29.
Rh3 Kg8 30. Reg3 Qg7 31. Rh6 Qxe5 32. Rhxg6+ hxg6 33. Rxg6+ Qg7 34. Qf6 1-0

[Event "Early-Titled-Tuesday-Blitz-May-07-2024"]
[Site "Chess.com"]
[Date "2024.05.07"]
[Round "2"]
[White "milovichalex"]
[Black "juanchesst"]
[Result "0-1"]
[WhiteElo "2389"]
[BlackElo "2660"]
[TimeControl "180+1"]
[EndTime "8:19:01 PDT"]
[Termination "juanchesst won by checkmate"]

1. e4 c5 2. Nf3 Nc6 3. d4 cxd4 4. Nxd4 Nf6 5. Nc3 e5 6. Ndb5 d6 7. Bg5 a6 8. Na3 b5 9. Bxf6 gxf6 10. Nd5 Bg7 11.
c3 Ne7 12. Nc2 Be6 13. Nce3 Nxd5 14. Nxd5 f5 15. exf5 Bxf5 16. Bd3 Bg6 17. O-O O-O 18.
Bxg6 hxg6 19. a4 Rb8 20. axb5 Rxb5 21. b4 e4 22. Rxa6 Be5 23. c4 Rb7 24. Qg4 f5 25.
Qxg6+ Rg7 26. Qe6+ Kh8 27. Ra3 Rh7 28. h3 f4 29. Re1 e3 30. fxe3 f3 31. Rf1 Qh4 32. e4 Qxe4 33. Qg4 f2+ 34. Rxf2 Qe1+ 35. Rf1 Qxf1# 0-1